MLB
CHICAGO (A) WHITE SOX @ HOUSTON ASTROS
05/03/2042
 
TOP OF THE 1ST
Chicago (A) White Sox batting - Pitching for Houston Astros : RHP Ted Valéncia
Pitching: RHP Ted Valéncia
Batting: RHB Bob Parks 0-0: Bunt missed!
0-1: Ball
1-1: SINGLE (Groundball, 6MD, EV 100.0 MPH)
Batting: RHB Jake Thomas 0-0: Called Strike
0-1: Ball
1-1: Bunt - Flyout to 3S! F3
Batting: LHB Stan Waters 0-0: Called Strike
0-1: Foul Ball, location: 9LSF
0-2: Ball
1-2: Ball
2-2: Grounds into double play, 4-6-3 (Groundball, 34, EV 83.8 MPH)
Top of the 1st over - 0 runs, 1 hit, 0 errors, 0 left on base; Chicago (A) 0 - Houston 0
BOTTOM OF THE 1ST
Houston Astros batting - Pitching for Chicago (A) White Sox : RHP Ed Dunlap
Pitching: RHP Ed Dunlap
Batting: LHB Joe Rivera 0-0: Ball
1-0: Ball
2-0: Ball
3-0: Called Strike
3-1: Base on Balls
Batting: RHB José Archuleta 0-0: Swinging Strike
0-1: Ball
1-1: Ball
2-1: Foul Ball, location: 2F
2-2: Foul Ball, location: 2F
2-2: Strikes out swinging
Batting: LHB José Robles 0-0: Ball
1-0: Ball
2-0: 2-RUN HOME RUN (Flyball, 9D, EV 98.1 MPH), Distance : 390 ft
Batting: RHB Ángelo Guzmán 0-0: Ball
1-0: Ball
2-0: Foul Ball, location: 5FF
2-1: Called Strike
2-2: Strikes out swinging
Batting: RHB José Mercado 0-0: Ball
1-0: Ball
2-0: Called Strike
2-1: Called Strike
2-2: Ball
3-2: Foul Ball, location: 9LMF
3-2: SINGLE (Groundball, 56, EV 104.4 MPH)
Batting: RHB Ethan Sutton 0-0: Ball
1-0: Ground out 6-3 (Groundball, 6M, EV 100.6 MPH)
Bottom of the 1st over - 2 runs, 2 hits, 0 errors, 1 left on base; Chicago (A) 0 - Houston 2
TOP OF THE 2ND
Chicago (A) White Sox batting - Pitching for Houston Astros : RHP Ted Valéncia
Batting: LHB Jesús Benavidez 0-0: Foul Ball, location: 5DF
0-1: Foul Ball, location: 3F
0-2: Ball
1-2: Foul Ball, location: 5SF
1-2: Ground out 4-3 (Groundball, 4S, EV 83.1 MPH)
Batting: LHB Juan Carlos Jiménez 0-0: Ball
1-0: Swinging Strike
1-1: Ground out 5-3 (Groundball, 56, EV 105.6 MPH)
Batting: RHB Jon Heath 0-0: Called Strike
0-1: Ball
1-1: Foul Ball, location: 2F
1-2: Foul Ball, location: 2F
1-2: Ball
2-2: Ball
3-2: Foul Ball, location: 5FF
3-2: Ground out 1-3 (Groundball, 15S, EV 68.8 MPH)
Top of the 2nd over - 0 runs, 0 hits, 0 errors, 0 left on base; Chicago (A) 0 - Houston 2
BOTTOM OF THE 2ND
Houston Astros batting - Pitching for Chicago (A) White Sox : RHP Ed Dunlap
Batting: RHB António Garza 0-0: Called Strike
0-1: Ball
1-1: Ground out 5-3 (Groundball, 56, EV 85.6 MPH)
Batting: RHB Cam Crouch 0-0: Called Strike
0-1: Ball
1-1: Swinging Strike
1-2: Ground out 4-3 (Groundball, 4, EV 107.5 MPH)
Batting: RHB Manny Castillo 0-0: Ball
1-0: SINGLE (Line Drive, 89M, EV 98.8 MPH)
Batting: LHB Joe Rivera 0-0: Called Strike
0-1: Called Strike
Manny Castillo is caught stealing 2nd base 2-6
Bottom of the 2nd over - 0 runs, 1 hit, 0 errors, 0 left on base; Chicago (A) 0 - Houston 2
TOP OF THE 3RD
Chicago (A) White Sox batting - Pitching for Houston Astros : RHP Ted Valéncia
Batting: RHB Ed Livermore 0-0: Called Strike
0-1: Swinging Strike
0-2: Foul Ball, location: 2F
0-2: Strikes out swinging
Batting: RHB César Otero 0-0: Ball
1-0: Called Strike
1-1: Swinging Strike
1-2: Ball
2-2: Foul Ball, location: 3FF
2-2: Foul Ball, location: 3DF
2-2: Foul Ball, location: 2F
2-2: Strikes out looking
Batting: RHB Greg Wright 0-0: Ground out 6-3 (Groundball, 56, EV 91.3 MPH)
Top of the 3rd over - 0 runs, 0 hits, 0 errors, 0 left on base; Chicago (A) 0 - Houston 2
BOTTOM OF THE 3RD
Houston Astros batting - Pitching for Chicago (A) White Sox : RHP Ed Dunlap
Batting: LHB Joe Rivera 0-0: Called Strike
0-1: Foul Ball, location: 2F
0-2: Ground out 1-3 (Groundball, 34S, EV 70.6 MPH)
Batting: RHB José Archuleta 0-0: Ball
1-0: Ball
2-0: Fly out, F9 (Flyball, 9S, EV 90.6 MPH)
Batting: LHB José Robles 0-0: Ball
1-0: Ball
2-0: Ball
3-0: Called Strike
3-1: Base on Balls
Batting: RHB Ángelo Guzmán 0-0: Ball
Wild Pitch!
José Robles to second
1-0: Ball
2-0: Swinging Strike
2-1: Called Strike
2-2: Strikes out swinging
Bottom of the 3rd over - 0 runs, 0 hits, 0 errors, 1 left on base; Chicago (A) 0 - Houston 2
TOP OF THE 4TH
Chicago (A) White Sox batting - Pitching for Houston Astros : RHP Ted Valéncia
Batting: RHB Bob Parks 0-0: Called Strike
0-1: Foul Ball, location: 9LDF
0-2: Ball
1-2: Ball
2-2: Ball
3-2: Strikes out swinging
Batting: RHB Jake Thomas 0-0: Ball
1-0: Called Strike
1-1: Fly out, F2 (Popup, 2LF, EV 91.3 MPH)
Batting: LHB Stan Waters 0-0: Ball
1-0: Foul Ball, location: 3F
1-1: Swinging Strike
1-2: Fly out, F7 (Flyball, 7LSF, EV 87.5 MPH)
Top of the 4th over - 0 runs, 0 hits, 0 errors, 0 left on base; Chicago (A) 0 - Houston 2
BOTTOM OF THE 4TH
Houston Astros batting - Pitching for Chicago (A) White Sox : RHP Ed Dunlap
Batting: RHB José Mercado 0-0: Ball
1-0: Ball
2-0: Foul Ball, location: 5SF
2-1: Ball
3-1: SOLO HOME RUN (Flyball, 7D, EV 100.0 MPH), Distance : 402 ft
Batting: RHB Ethan Sutton 0-0: Ball
1-0: Ground out 6-3 (Groundball, 56, EV 106.9 MPH)
Batting: RHB António Garza 0-0: Fly out, F8 (Flyball, 8LXD, EV 88.8 MPH)
Batting: RHB Cam Crouch 0-0: Ball
1-0: Foul Ball, location: 9LSFF
1-1: Foul Ball, location: 2F
1-2: Ball
2-2: Strikes out swinging
Bottom of the 4th over - 1 run, 1 hit, 0 errors, 0 left on base; Chicago (A) 0 - Houston 3
TOP OF THE 5TH
Chicago (A) White Sox batting - Pitching for Houston Astros : RHP Ted Valéncia
Batting: LHB Jesús Benavidez 0-0: Called Strike
0-1: Ball
1-1: Fly out, F9 (Flyball, 9S, EV 80.0 MPH)
Batting: LHB Juan Carlos Jiménez 0-0: Ball
1-0: Called Strike
1-1: Called Strike
1-2: Strikes out swinging
Batting: RHB Jon Heath 0-0: Ball
1-0: Ball
2-0: Called Strike
2-1: DOUBLE (Line Drive, 9LS, EV 99.4 MPH)
Batting: RHB Ed Livermore 0-0: Called Strike
0-1: SINGLE (Groundball, 6MD, EV 102.5 MPH)
Jon Heath to third
Runner from 3rd tries for Home, SAFE, throw by CF to home
Batting: RHB César Otero 0-0: Foul Ball, location: 2F
0-1: Ball
1-1: Called Strike
1-2: 2-RUN HOME RUN (Flyball, 7LD, EV 93.1 MPH), Distance : 360 ft
Batting: RHB Greg Wright 0-0: Ball
1-0: Called Strike
1-1: Ball
2-1: Swinging Strike
2-2: Strikes out swinging
Top of the 5th over - 3 runs, 3 hits, 0 errors, 0 left on base; Chicago (A) 3 - Houston 3
BOTTOM OF THE 5TH
Houston Astros batting - Pitching for Chicago (A) White Sox : RHP Ed Dunlap
Batting: RHB Manny Castillo 0-0: Swinging Strike
0-1: Ball
1-1: Foul Ball, location: 2F
1-2: Ground out 4-3 (Groundball, 4, EV 80.0 MPH)
Batting: LHB Joe Rivera 0-0: Called Strike
0-1: Swinging Strike
0-2: Ball
1-2: Ball
2-2: Ground out 3-1 (Groundball, 34, EV 78.8 MPH)
Batting: RHB José Archuleta 0-0: Ground out 6-3 (Groundball, 56, EV 99.4 MPH)
Bottom of the 5th over - 0 runs, 0 hits, 0 errors, 0 left on base; Chicago (A) 3 - Houston 3
TOP OF THE 6TH
Chicago (A) White Sox batting - Pitching for Houston Astros : RHP Ted Valéncia
Batting: RHB Bob Parks 0-0: Ball
1-0: SINGLE (Groundball, 2R, EV 63.1 MPH) (infield hit)
Batting: RHB Jake Thomas 0-0: Sac Bunt to 23 - play at first, batter OUT! 3-4
Bob Parks to second
Batting: LHB Stan Waters 0-0: Swinging Strike
0-1: Called Strike
0-2: SINGLE (Line Drive, 78S, EV 103.1 MPH)
Bob Parks to third
Runner from 3rd tries for Home, SAFE, throw by LF to home
Batting: LHB Jesús Benavidez 0-0: SINGLE (Groundball, 34S, EV 71.9 MPH) (infield hit)
Stan Waters to second
Batting: LHB Juan Carlos Jiménez 0-0: Foul Ball, location: 5FF
0-1: Called Strike
0-2: Ball
1-2: Strikes out swinging
Batting: RHB Jon Heath 0-0: Foul Ball, location: 5F
0-1: Called Strike
0-2: Fielders Choice at 3rd, U5 (Groundball, 5L, EV 86.3 MPH)
Top of the 6th over - 1 run, 3 hits, 0 errors, 1 left on base; Chicago (A) 4 - Houston 3
BOTTOM OF THE 6TH
Houston Astros batting - Pitching for Chicago (A) White Sox : RHP Ed Dunlap
Batting: LHB José Robles 0-0: Called Strike
0-1: Fly out, F8 (Flyball, 8RXD, EV 96.9 MPH)
Batting: RHB Ángelo Guzmán 0-0: Ground out 4-3 (Groundball, 4, EV 82.5 MPH)
Batting: RHB José Mercado 0-0: Foul Ball, location: 2F
0-1: Fly out, F7 (Flyball, 78D, EV 106.3 MPH)
Bottom of the 6th over - 0 runs, 0 hits, 0 errors, 0 left on base; Chicago (A) 4 - Houston 3
TOP OF THE 7TH
Chicago (A) White Sox batting - Pitching for Houston Astros : RHP Ted Valéncia
Batting: RHB Ed Livermore 0-0: Fly out, F7 (Flyball, 7D, EV 100.0 MPH)
Batting: RHB César Otero 0-0: Ball
1-0: Swinging Strike
1-1: Called Strike
1-2: Ball
2-2: Ball
3-2: SOLO HOME RUN (Flyball, 9D, EV 99.4 MPH), Distance : 386 ft
Pitching: RHP Mike Schultz
Batting: RHB Greg Wright 0-0: Ball
1-0: Swinging Strike
1-1: Ball
2-1: Ground out 5-3 (Groundball, 56, EV 85.0 MPH)
Batting: RHB Bob Parks 0-0: Ball
1-0: Swinging Strike
1-1: Ball
2-1: Ball
3-1: Called Strike
3-2: Strikes out swinging
Top of the 7th over - 1 run, 1 hit, 0 errors, 0 left on base; Chicago (A) 5 - Houston 3
BOTTOM OF THE 7TH
Houston Astros batting - Pitching for Chicago (A) White Sox : RHP Ed Dunlap
Batting: RHB Ethan Sutton 0-0: Fly out, F3 (Line Drive, 34, EV 68.1 MPH)
Batting: RHB António Garza 0-0: Called Strike
0-1: Fly out, F8 (Flyball, 8RM, EV 87.5 MPH)
Batting: RHB Cam Crouch 0-0: Ball
1-0: Called Strike
1-1: Ball
2-1: Ground out 6-3 (Groundball, 6MS, EV 87.5 MPH)
Bottom of the 7th over - 0 runs, 0 hits, 0 errors, 0 left on base; Chicago (A) 5 - Houston 3
TOP OF THE 8TH
Chicago (A) White Sox batting - Pitching for Houston Astros : RHP Mike Schultz
Batting: RHB Jake Thomas 0-0: Ball
1-0: Foul Ball, location: 2F
1-1: Called Strike
1-2: Foul Ball, location: 2F
1-2: Ball
2-2: Strikes out swinging
Batting: LHB Stan Waters 0-0: Ball
1-0: Fly out, F7 (Flyball, 78S, EV 86.9 MPH)
Batting: LHB Jesús Benavidez 0-0: Called Strike
0-1: Ball
1-1: Ground out U3 (Groundball, 3, EV 84.4 MPH)
Top of the 8th over - 0 runs, 0 hits, 0 errors, 0 left on base; Chicago (A) 5 - Houston 3
BOTTOM OF THE 8TH
Houston Astros batting - Pitching for Chicago (A) White Sox : RHP Ed Dunlap
Pitching: LHP António Sánchez
Batting: RHB Manny Castillo 0-0: Ball
1-0: Swinging Strike
1-1: Foul Ball, location: 9LDF
1-2: Foul Ball, location: 2F
1-2: Foul Ball, location: 2F
1-2: Ground out 4-3 (Groundball, 4M, EV 83.8 MPH)
Pinch Hitting: RHB Tim O'Kinsella 0-0: Foul Ball, location: 2F
0-1: Called Strike
0-2: Ball
1-2: Ball
2-2: SINGLE (Groundball, 34D, EV 99.4 MPH)
Batting: RHB José Archuleta 0-0: SINGLE (Groundball, 6MD, EV 98.8 MPH)
Tim O'Kinsella to second
Batting: RHB Adrián Juárez 0-0: Foul Ball, location: 9LSF
0-1: Ball
1-1: Ball
2-1: SINGLE (Line Drive, 34, EV 102.5 MPH)
Tim O'Kinsella to third
José Archuleta to second
Batting: RHB Ángelo Guzmán 0-0: Called Strike
0-1: GRAND SLAM HOME RUN (Flyball, 7D, EV 96.9 MPH), Distance : 387 ft
Pitching: RHP Zane Miller
Batting: RHB José Mercado 0-0: Called Strike
0-1: Ball
1-1: Swinging Strike
1-2: Ball
2-2: Ball
3-2: Foul Ball, location: 9LSF
3-2: Base on Balls
Batting: RHB Ethan Sutton 0-0: Ball
1-0: Foul Ball, location: 23F
1-1: Ball
2-1: Foul Ball, location: 5FF
2-2: Grounds into double play, 6-4-3 (Groundball, 6, EV 88.1 MPH)
Bottom of the 8th over - 4 runs, 4 hits, 0 errors, 0 left on base; Chicago (A) 5 - Houston 7
TOP OF THE 9TH
Chicago (A) White Sox batting - Pitching for Houston Astros : RHP Mike Schultz
Pitching: RHP José Reyes
Now at 1B: Tim O'Kinsella
Batting: LHB Juan Carlos Jiménez 0-0: Ball
1-0: Called Strike
1-1: SOLO HOME RUN (Flyball, 78XD, EV 100.0 MPH), Distance : 421 ft
Batting: RHB Jon Heath 0-0: Ball
1-0: Ground out 5-3 (Groundball, 56, EV 108.1 MPH)
Batting: RHB Ed Livermore 0-0: Ball
1-0: Swinging Strike
1-1: Fly out, F7 (Flyball, 7LM, EV 106.3 MPH)
Batting: RHB César Otero 0-0: Swinging Strike
0-1: Foul Ball, location: 2F
0-2: Fly out, F8 (Flyball, 8RXD, EV 106.3 MPH)
Top of the 9th over - 1 run, 1 hit, 0 errors, 0 left on base; Chicago (A) 6 - Houston 7
Friday, May 3rd , 2024 - OOTP Baseball 24.10 Build 82